 Dungeon Sprint DCSS version 0.23-a0-378-gd7a6ca6 (webtiles) character file.

49 Cadaver the Skirmisher (level 3, 0/54 HPs)
             Began as a Minotaur Earth Elementalist on Oct 27, 2018.
             Was an Initiate of Okawaru.
             Succumbed to a redback's poison
             ... in the Dungeon (Sprint VII: "The Pits").
             The game lasted 00:02:41 (396 turns).

Cadaver the Skirmisher (Minotaur Earth Elementalist) Turns: 396, Time: 00:02:41

Health: 0/54       AC: 11    Str: 17    XL:     3   Next: 51%
Magic:  5/5        EV:  7    Int: 13    God:    Okawaru [......]
Gold:   0          SH:  0    Dex: 10    Spells: 5/6 levels left

rFire    . . .     SeeInvis .   q - +1 long sword (holy)
rCold    . . .     Gourm    .   (no shield)
rNeg     . . .     Faith    .   r - +3 chain mail
rPois    .         Spirit   .   (helmet restricted)
rElec    .         Reflect  .   (no cloak)
rCorr    .         Harm     .   (no gloves)
MR       .....     NoTele   +   (no boots)
Stlth    ..........             (no amulet)
HPRegen  0.18/turn              (no ring)
MPRegen  0.09/turn              (no ring)

@: berserking, lethally poisoned (0 -> -60), drained, very quick
A: retaliatory headbutt, horns 2
a: Renounce Religion


You were in the Dungeon.
You worshipped Okawaru.
Okawaru was noncommittal.
You were not hungry.

You visited 1 branch

Inventory:

Hand Weapons
 a - a +2 falchion
 q - a +1 long sword of holy wrath (weapon)
Missiles
 b - 40 stones (quivered)
Armour
 r - a +3 chain mail (worn)
Scrolls
 j - a scroll of blinking
 l - 3 scrolls of remove curse
 m - 5 scrolls of amnesia
 n - a scroll of summoning
 o - 2 scrolls of vulnerability
Potions
 e - 5 potions of curing
 f - 4 potions of heal wounds
 g - a potion of haste
 h - 4 potions of magic
 i - 2 potions of berserk rage
 k - 2 potions of invisibility
Comestibles
 d - 9 rations


   Skills:
 * Level 5.2(4.6) Fighting
 * Level 4.8(4.2) Long Blades
 * Level 0.2(0.0) Armour
 - Level 2.1(1.6) Dodging
 - Level 1.5(1.0) Stealth
 - Level 2.0(1.4) Spellcasting
   Level 0.7(0.1) Transmutations
 - Level 3.0(2.5) Earth Magic


You had 5 spell levels left.
You knew the following spells:

 Your Spells              Type           Power        Failure   Level  Hunger
a - Sandblast             Erth           #.....       87%         1    ##.....

Your spell library contained the following spells:

 Spells                   Type           Power        Failure   Level  Hunger
 Passwall                 Tmut/Erth      #.......     99%         2    ###....
 Stone Arrow              Conj/Erth      #.....       100%        3    ####...
 Petrify                  Tmut/Erth      #.......     100%        4    #####..
 Lee's Rapid Deconstruct  Erth           #.........   100%        5    ######.


Dungeon Overview and Level Annotations

Branches:
Dungeon (1/1)

Altars:
Ashenzari
Cheibriados
Dithmenos
Elyvilon
Fedhas
Gozag
Hepliaklqana
Kikubaaqudgha
Makhleb
Nemelex Xobeh
Okawaru
Qazlal
Ru
Sif Muna
Trog
Uskayaw
Vehumet
Wu Jian
Xom
Yredelemnul
Zin
The Shining One
Beogh
Jiyva
Lugonu


Innate Abilities, Weirdness & Mutations

You reflexively headbutt those who attack you in melee.
You have a pair of horns on your head.


Message History

The deep elf mage hits you but does no damage.
The redback bites you but does no damage.
Unknown command.
You closely miss the deep elf mage.
The deep elf mage is moderately wounded.
* * * LOW HITPOINT WARNING * * *
You feel sick. The redback bites you.
* * * LOW HITPOINT WARNING * * *
You are more poisoned.
The redback poisons you! The deep elf mage closely misses you.
You completely miss the deep elf mage.
The deep elf mage is moderately wounded.
* * * LOW HITPOINT WARNING * * *
You feel very sick. The redback closely misses you.
The deep elf mage hits you but does no damage.
Unknown command.
You slash the deep elf mage!
The deep elf mage is heavily wounded.
You die...

############
#_________.#
#_________.#
#_______...#########
##########'##.......
#..|.')))'.##......#
##########.##.......
#se@s....)..'.......
#r#####'#####......#
#.#.....#.[##.......
#.#.....#))#####'###
#.###'###)[##.......
#.#.....#))##.......
#.#.....#..##.......
#e####'##'###...<...
#r#........##.......


You could see a demonic crawler, a deep elf mage, a redback and a hell rat.

Vanquished Creatures
  A worker ant (D)
  An adder (D)
  An ooze (D)
  An orc (D)
  A giant cockroach (D)
  A jackal (D)
  3 bats (D)
  A kobold (D)
10 creatures vanquished.

Notes
Turn   | Place    | Note
-------+----------+-------------------------------------------
     0 | D        | Cadaver the Minotaur Earth Elementalist began the quest for
                  | the Orb.
     0 | D        | Reached XP level 1. HP: 14/14 MP: 1/1
    43 | D        | Found a glowing golden altar of the Shining One.
    43 | D        | Found a glowing silver altar of Zin.
    43 | D        | Found a basalt altar of Yredelemnul.
    43 | D        | Found a shimmering altar of Xom.
    43 | D        | Found an ornate altar of the Wu Jian Council.
    43 | D        | Found a bloodstained altar of Trog.
    43 | D        | Found a deep blue altar of Sif Muna.
    43 | D        | Found a sacrificial altar of Ru.
    43 | D        | Found a stormy altar of Qazlal.
    43 | D        | Found an iron altar of Okawaru.
    43 | D        | Found a sparkling altar of Nemelex Xobeh.
    43 | D        | Found a burning altar of Makhleb.
    43 | D        | Found a viscous altar of Jiyva.
    43 | D        | Found a hazy altar of Hepliaklqana.
    43 | D        | Found an opulent altar of Gozag.
    43 | D        | Found a blossoming altar of Fedhas.
    43 | D        | Found a white marble altar of Elyvilon.
    43 | D        | Found a shadowy altar of Dithmenos.
    43 | D        | Found a snail-covered altar of Cheibriados.
    44 | D        | Found a radiant altar of Vehumet.
    44 | D        | Found a corrupted altar of Lugonu.
    44 | D        | Found a roughly hewn altar of Beogh.
    45 | D        | Found a hide-covered altar of Uskayaw.
    45 | D        | Found an ancient bone altar of Kikubaaqudgha.
    45 | D        | Found a shattered altar of Ashenzari.
    49 | D        | Became a worshipper of Warmaster Okawaru
    59 | D        | Reached skill level 1 in Fighting
    91 | D        | Reached skill level 2 in Fighting
    91 | D        | Reached skill level 1 in Long Blades
    95 | D        | Noticed a worker ant
   108 | D        | Reached XP level 2. HP: 22/25 MP: 4/4
   125 | D        | Reached skill level 3 in Fighting
   128 | D        | Reached skill level 5 in Fighting
   128 | D        | Reached XP level 3. HP: 17/36 MP: 5/5
   371 | D        | Noticed a deep elf mage
   376 | D        | Noticed a demonic crawler
   390 | D        | Noticed a redback
   396 | D        | Succumbed to a redback's poison

Vault maps used:
D:        pitsprint

Skill      XL: |  1  2 |
---------------+-------+-----
Fighting       | 2 5 |  5.2
Earth Magic    | 3 |  3.0
Long Blades    | 2 4 |  4.8
Spellcasting   | 2 |  2.0
Armour         | |  0.2
Dodging        | |  2.1
Stealth        | |  1.5
Transmutations | |  0.7

Action                   || total
-------------------------++-------
Melee: Falchion          ||    13
       Headbutt          ||     4
       Unarmed           ||     1
       Long sword        ||     7
  Use: Potion            ||     4
Armor: Robe              ||     3
       Chain mail        ||     7
Dodge: Dodged            ||    25
       Rpst.: Falchion   ||    12

Table legend:
 A = Non-vault XP
 B = Vault XP
 C = Vault XP percentage of total XP
 D = Non-vault monster count
 E = Vault monster count
 F = Vault count percentage of total count
                 A         B        C        D         E       F
            +---------+---------+-------+---------+---------+-------
      Total |       0 |      70 | 100.0 |       0 |      10 | 100.0
            +---------+---------+-------+---------+---------+-------
          D |       0 |      70 | 100.0 |       0 |      10 | 100.0
            +---------+---------+-------+---------+---------+-------
